 Dungeon Crawl Stone Soup version 0.31-a0-37-g98a128e1d9 (webtiles) character file.

Game seed: 17065710323280249116

80 ytrimaz the Insei (level 4, -1/39 HPs)
             Began as a Tengu Transmuter on May 15, 2023.
             Slain by a gnoll
             ... wielding a +0 club
              (3 damage)
             ... on level 3 of the Dungeon.
             The game lasted 00:03:01 (1269 turns).

ytrimaz the Insei (Tengu Transmuter)                Turns: 1269, Time: 00:03:02

Health: -1/39      AC:  3    Str: 10    XL:     4   Next: 39%
Magic:  8/8        EV: 13    Int: 15    God:
Gold:   102        SH:  0    Dex: 15    Spells: 5/8 levels left

rFire   . .          .
                       - Unarmed
rCold   . . .        (no shield)
rNeg    . . .        a - +0 robe
rPois   .            (helmet restricted)
rElec   .            (no cloak)
rCorr   .            k - +0 pair of gloves
SInv    .            (boots unavailable)
Will    .....        (no amulet) Stlth
                     (no ring)
HPRegen 0.26/turn    (no ring)
MPRegen 0.11/turn

%: no passive effects
@: berserking (expiring), very quick
A: beak, talons 3
a: no special abilities


You were on level 3 of the Dungeon.
You visited 1 branch of the dungeon, and saw 3 of its levels.

You collected 102 gold pieces.


Innate Abilities, Weirdness & Mutations

You have a beak for a mouth.
You have claws for feet.


   Skills:
 + Level 1.9 Fighting
 + Level 2.9 Dodging
 + Level 3.8 Unarmed Combat
 + Level 2.5 Spellcasting
 + Level 2.1 Transmutations


You had 5 spell levels left.
You knew the following spells:

 Your Spells              Type           Power      Damage    Failure   Level
a - Beastly Appendage     Tmut           16%        N/A       9%          1
b - Wereblood             Tmut           8%         N/A       13%         2

Your spell library contained the following spells:

 Spells                   Type           Power      Damage    Failure   Level
 Spider Form              Tmut/Pois      5%         N/A       38%         3
 Ice Form                 Ice/Tmut       5%         N/A       80%         4

Inventory:

Armour
 a - a +0 robe (worn)
 k - a +0 pair of gloves (worn)
   (You found it on level 1 of the Dungeon)
Jewellery
 j - an amulet of faith
   (You found it on level 1 of the Dungeon)
Scrolls
 d - a scroll of fog
Potions
 b - a potion of lignification
 c - a potion of heal wounds {unknown}
 e - a potion of berserk rage
 g - 2 potions of attraction {unknown}
 l - a potion of magic {unknown}
 m - a potion of might {unknown}
 n - a potion of curing {unknown}

Dungeon Overview and Level Annotations

Branches:
Dungeon (3/15) Zot: 16736

Altars:

Shops:
D:2

( #.# #.#
#.# #.# #.#
#.# #l# #)#
#@#
#########g#
......g<..#
........###
#######.#
#.# ###


You could see a gnoll and a frilled lizard.


Message History

Unknown command.
You climb downwards.
There is a stone staircase leading up here.
Unknown command.
A ball python is nearby!
The ball python hisses angrily.
The ball python closely misses you. The ball python grabs you.
The ball python constricts you. The ball python bites you.
The ball python constricts you. 😕 HP[-4]
You take 4 damage, and now have 22/26 hp.
You barely miss the ball python. You claw the ball python.
The ball python bites you.
The ball python constricts you. 😕 HP[-1]
You take 1 damage, and now have 21/26 hp.
You hit the ball python but do no damage.
Your kick misses the ball python. Your peck misses the ball python.
The ball python bites you.
The ball python constricts you. 😕 HP[-1]
You take 1 damage, and now have 20/26 hp.
You barely miss the ball python. You claw the ball python.
The ball python barely misses you. The ball python constricts you.
Unknown command.
You closely miss the ball python. The ball python barely misses you.
The ball python constricts you.
You hit the ball python.
You kill the ball python! 😕 HP[+1] Partly explored, can't reach some places. 😎 HP[+5]
Your hp is fully restored (26).
Partly explored, can't reach some places.
Partly explored, can't reach some places.
Partly explored, can't reach some places.
There is a stone staircase leading up here.
You climb upwards.
There is a stone staircase leading down here.
There is a stone staircase leading down here.
You climb downwards.
The gnoll shouts! x2
The gnoll misses you.
There is a stone staircase leading up here.
There are monsters nearby!
There are monsters nearby!
You hit the gnoll but do no damage. The gnoll closely misses you.
The gnoll hits you from afar with a +0 spear! 😮 HP[-9]
You take 9 damage, and now have 17/26 hp.
MASSIVE DAMAGE!! (PAUSE)
The gnoll attacks as you move away! The gnoll barely misses you.
A frilled lizard comes into view.
The frilled lizard hisses angrily.
The gnoll attacks as you move away! The gnoll hits you with a +0 club!
* * * LOW HITPOINT WARNING * * *
😨 HP[-8]
You take 8 damage, and now have 9/26 hp.
MASSIVE DAMAGE!! (PAUSE) Really quaff the potion of lignification?
Okay, then.
It was a potion of berserk rage.
A red film seems to cover your vision as you go berserk!
You feel yourself moving faster!
You feel mighty! The gnoll closely misses you. 😨 HP[+4]
You now have 39 max hp (+13).
You regained 4 hp, and now have 13/39 hp.
You hit the gnoll. Your kick misses the gnoll. 😨 HP[+1]
You hit the gnoll. The gnoll closely misses you. The gnoll barely misses you.
The frilled lizard closely misses you.
Unknown command.
You closely miss the gnoll. Your punch misses the gnoll. You hit the gnoll.
You kill the gnoll!
The frilled lizard bites you.
* * * LOW HITPOINT WARNING * * *
The gnoll misses you. 😨 HP[-1]
You take 1 damage, and now have 13/39 hp.
The gnoll hits you with a +0 spear!
* * * LOW HITPOINT WARNING * * *
You see here a +0 club.
Unknown command. 😱 HP[-9]
You take 9 damage, and now have 4/39 hp.
MASSIVE DAMAGE!! (PAUSE)
You punch the gnoll! You barely miss the gnoll.
The frilled lizard bites you but does no damage.
The gnoll hits you with a +0 spear.
* * * LOW HITPOINT WARNING * * *
😱 HP[-2]
You take 2 damage, and now have 2/39 hp.
You closely miss the gnoll. The gnoll hits you but does no damage.
The frilled lizard bites you but does no damage.
Unknown command.
You hit the gnoll.
You kill the gnoll!
The gnoll hits you with a +0 club.
You die...

Skill      XL: |  1  2  3 |
---------------+----------+-----
Transmutations | 2 |  2.1
Fighting       | |  1.9
Dodging        | |  2.9
Unarmed Combat | |  3.8
Spellcasting   | |  2.5

Action                     |  1- 3 |  4- 6 || total
---------------------------+-------+-------++-------
  Melee: Unarmed           |    80 |    18 ||    98
         Kick              |    23 |     3 ||    26
         Peck              |    18 |       ||    18
         Punch             |     1 |       ||     1
   Cast: Wereblood         |     4 |       ||     4
    Use: Scroll            |       |     4 ||     4
         Potion            |       |     1 ||     1
 Armour: Robe              |    10 |     4 ||    14
  Dodge: Dodged            |    49 |    16 ||    65

Levels and vault maps discovered:
D:1:      psy_arrival_basics, layout_rooms
D:2:      layout_rooms, serial_shops, nicolae_shop_bloodbath_and_beyond,
          minivault_14, chequers_serial_rivers_micro_b
D:3:      layout_basic, uniq_sigmund, uniq_robin

Notes
Turn   | Place    | Note
-------+----------+-------------------------------------------
     0 | D:1      | ytrimaz the Tengu Transmuter began the quest for the Orb.
     0 | D:1      | Reached XP level 1. HP: 12/12 MP: 4/4
     0 | D:1      | magus.rc [v1.9.6]
    66 | D:1      | HP: 3/12 [dart slug/slug dart (3)]
    71 | D:1      | HP: 3/12 [bat (1)]
   180 | D:1      | Reached XP level 2. HP: 15/16 MP: 6/6
   394 | D:1      | Reached XP level 3. HP: 14/20 MP: 7/7
   419 | D:1      | Learned a level 2 spell: Wereblood
   610 | D:2      | Reached skill level 2 in Transmutations
   880 | D:2      | Found Nyiberhosudd's Weapon Shoppe.
   915 | D:2      | Reached XP level 4. HP: 26/26 MP: 8/8
  1264 | D:3      | HP: 4/39 [gnoll/+0 spear (9)]
  1269 | D:3      | Slain by a gnoll

Vanquished Creatures
  2 gnolls (D:3)
  2 adders (D:2)
  2 worms (D:2)
  A dart slug (D:1)
  3 bats
  2 endoplasms (D:1)
  5 goblins
  5 hobgoblins
  6 ball pythons
  A frilled lizard (D:1)
  4 kobolds
  4 rats
37 creatures vanquished.

Table legend:
 A = Non-vault XP
 B = Vault XP
 C = Vault XP percentage of total XP
 D = Non-vault monster count
 E = Vault monster count
 F = Vault count percentage of total count
                 A         B        C        D         E       F
            +---------+---------+-------+---------+---------+-------
      Total |     115 |       0 |   0.0 |      37 |       0 |   0.0
            +---------+---------+-------+---------+---------+-------
        D:1 |      34 |       0 |   0.0 |      20 |       0 |   0.0
        D:2 |      51 |       0 |   0.0 |      14 |       0 |   0.0
        D:3 |      30 |       0 |   0.0 |       3 |       0 |   0.0
            +---------+---------+-------+---------+---------+-------

Skill      XL: |  1  2  3 |
---------------+----------+-----
Transmutations | 2 |  2.1
Fighting       | |  1.9
Dodging        | |  2.9
Unarmed Combat | |  3.8
Spellcasting   | |  2.5

Action                     |  1- 3 |  4- 6 || total
---------------------------+-------+-------++-------
  Melee: Unarmed           |    80 |    18 ||    98
         Kick              |    23 |     3 ||    26
         Peck              |    18 |       ||    18
         Punch             |     1 |       ||     1
   Cast: Wereblood         |     4 |       ||     4
    Use: Scroll            |       |     4 ||     4
         Potion            |       |     1 ||     1
 Armour: Robe              |    10 |     4 ||    14
  Dodge: Dodged            |    49 |    16 ||    65

Illustrated notes

Table legend:
 A = Kills in this place as a percentage of kills in the entire game.
 B = Kills by you in this place as a percentage of kills by you in the entire game.
 C = Kills by friends in this place as a percentage of kills by friends in the entire game.
 D = Other kills in this place as a percentage of other kills in the entire game.
 E = Experience gained in this place as a percentage of experience gained in the entire game.
 F = Experience gained in this place divided by the number of levels of this place that you have seen.
                   A       B       C       D       E      F
               +-------+-------+-------+-------+-------+----------------------
         Total | 100.0 | 100.0 |   N/A |   N/A | 100.0 |  38.3
       Dungeon | 100.0 | 100.0 |   N/A |   N/A | 100.0 |  38.3
               +-------+-------+-------+-------+-------+----------------------

Table legend: (Time is in decaauts)
 A = Elapsed time spent in this place.
 B = Non-inter-level travel time spent in this place.
 C = Inter-level travel time spent in this place.
 D = Time resting spent in this place.
 E = Time spent auto-exploring this place.
 F = Levels seen in this place.
 G = Mean time per level.
                   A        B        C        D        E       F      G
               +--------+--------+--------+--------+--------+-----+--------+
         Total |   1262 |   1146 |    116 |     22 |    861 |   3 |  420.7 |
       Dungeon |   1262 |   1146 |    116 |     22 |    861 |   3 |  420.7 |
               +--------+--------+--------+--------+--------+-----+--------+

Top non-repeatable levels by time:
     D:2: 631 daAuts
     D:1: 568 daAuts
     D:3: 62 daAuts
